 Dungeon Crawl Stone Soup version 0.30-a0-772-g5528072125 (webtiles) character file.

Game seed: 11199549660843727630

657 PLAYERX the Prestidigitator (level 7, 0/51 HPs)
             Began as a Gnoll Wanderer on Feb 11, 2023.
             Slain by a water moccasin (5 damage)
             ... on level 5 of the Dungeon on Feb 12, 2023.
             The game lasted 00:29:56 (4642 turns).

PLAYERX the Prestidigitator (Gnoll Wanderer)        Turns: 4642, Time: 00:29:57

Health: 0/51       AC: 15    Str: 14    XL:     7   Next: 55%
Magic:  12/12      EV:  4    Int: 11    God:
Gold:   250        SH:  0    Dex: 11    Spells: 12/13 levels left

rFire   . . .      SeeInvis .    a - +0 short sword (venom)
rCold   . . .      Faith    .    (no shield)
rNeg    . . .      Spirit   .    e - +1 plate armour
rPois   .          Reflect  .    (no helmet)
rElec   .          Harm     .    (no cloak)
rCorr   .          Rampage  .    (no gloves)
Will    .....                    h - +2 pair of boots Stlth
                                 (no amulet)
HPRegen 0.28/turn                (no ring)
MPRegen 0.13/turn                (no ring)

@: brilliant, hasted, very quick
A: fangs 1, strong nose, distributed training
a: no special abilities


You were on level 5 of the Dungeon.
You visited 1 branch of the dungeon, and saw 5 of its levels.

You collected 250 gold pieces.

Inventory:

Hand Weapons
 a - a +0 short sword of venom (weapon)
Missiles
 j - 56 stones (quivered)
 m - 2 throwing nets
Armour
 e - a +1 plate armour (worn)
 h - a +2 pair of boots (worn)
Wands
 b - a wand of polymorph (3)
 o - a wand of flame (14)
Scrolls
 c - 3 scrolls of magic mapping
 d - 2 scrolls of teleportation
 g - 3 scrolls of identify
 n - a scroll of enchant armour


   Skills:
 + Level 2.6 Fighting
 + Level 2.6 Short Blades
 + Level 2.6 Long Blades
 + Level 2.6 Axes
 + Level 2.6 Maces & Flails
 + Level 2.6 Polearms
 + Level 3.7 Staves
 + Level 2.6 Ranged Weapons
 + Level 2.6 Throwing
 + Level 2.6 Armour
 + Level 2.6 Dodging
 + Level 2.6 Stealth
 + Level 2.6 Shields
 + Level 2.6 Unarmed Combat
 + Level 3.9 Spellcasting
 + Level 2.1 Conjurations
 + Level 2.1 Hexes
 + Level 2.1 Summonings
 + Level 2.1 Necromancy
 + Level 2.1 Translocations
 + Level 2.1 Transmutations
 + Level 2.1 Fire Magic
 + Level 7.4 Ice Magic
 + Level 2.1 Air Magic
 + Level 2.1 Earth Magic
 + Level 2.1 Poison Magic
 + Level 3.0 Invocations
 + Level 9.0 Evocations


You had 12 spell levels left.
You knew the following spells:

 Your Spells              Type           Power      Damage    Failure   Level
a - Freeze                Ice            100%       1d10      75%         1

Your spell library contained the following spells:

 Spells                   Type           Power      Damage    Failure   Level
 Hailstorm                Conj/Ice       19%        3d6       100%        3
 Ice Form                 Ice/Tmut       19%        N/A       100%        4


Dungeon Overview and Level Annotations

Branches:
Dungeon (5/15)
 Temple: D:4-7

Altars:
Fedhas

Shops:
D:1 [   D:2 *   D:3 [*=


Innate Abilities, Weirdness & Mutations

You have very sharp teeth.
Your uncanny sense of smell can sniff out nearby items.
Your experience applies equally to all skills.


Message History

Blink to where?
Press: ? - help, Dir - move target, p - iguana
As you read the scroll of blinking, it crumbles to dust.
The orc priest calls down the wrath of Beogh upon you.
You struggle to resist.
Found a scroll of identify.
The orc priest mumbles some strange prayers to Beogh against you.
Pain shoots through your body!
* * * LOW HITPOINT WARNING * * *
Aiming: Polymorph
Press: ? - help, Shift-Dir - straight line, f - orc priest
Aim: an orc priest, wielding a +0 war axe and wearing a +0 scale mail (will become a hobgoblin, a fire bat, or a steam dragon, chance to affect: 69%) Nothing appears to happen.
Found a scroll of enchant armour.
An iguana is nearby!
The orc priest miscasts a cantrip.
The iguana looks more healthy.
A water moccasin comes into view.
The water moccasin bites you but does no damage.
The water moccasin bites you.
* * * LOW HITPOINT WARNING * * *
Press: ? - help, v - describe, . - travel
Here: a water moccasin The floor.
You feel better. The water moccasin bites you.
* * * LOW HITPOINT WARNING * * *
The water moccasin attacks as you move away!
The water moccasin bites you.
* * * LOW HITPOINT WARNING * * *
The water moccasin closely misses you.
It was a potion of brilliance.
You feel clever all of a sudden.
The water moccasin bites you but does no damage.
It was a potion of haste.
You feel yourself speed up. The water moccasin barely misses you.
The orc priest miscasts a cantrip.
The orc priest casts a cantrip, but nothing happens.
There is a stone staircase leading up here.
The water moccasin bites you.
You die...

∆ #.# ##..# #o#........
#.#.###.o## # #l#.# #..#
#. #.#.# #.)## #. #.#.#
#.).[ #.#########.#.#
##.## #.........l.#.#
#§#
.####..#@S.######.####.#
...............).......#
.....................###
.######.##.######.##.#
#.##.# #.##.# #.##.#
#..... #.##.# ####.##
#.##.# ... #.##.# ###


You could see a water moccasin and an iguana.

Vanquished Creatures
  2 black bears (D:4)
  An ogre (D:5)
  A scorpion (D:3)
  An orc priest (D:3)
  3 hounds
  A gnoll bouda (D:3)
  4 gnolls (D:3)
  6 adders
  5 dart slugs
  7 orcs
  7 endoplasms
  4 giant cockroaches
  6 goblins
  8 hobgoblins
  6 jackals
  6 kobolds
  4 quokkas
  10 ball pythons
  7 bats
  2 frilled lizards
  8 rats
99 creatures vanquished.

Notes
Turn   | Place    | Note
-------+----------+-------------------------------------------
     0 | D:1      | PLAYERX the Gnoll Wanderer began the quest for the Orb.
     0 | D:1      | PLAYERX set off with the following items: a +0
                  | quarterstaff, a wand of polymorph (5), a potion of heal
                  | wounds, a +0 robe; and the following spell memorised:
                  | Freeze; and the following spells available to memorise:
                  | Hailstorm, Ice Form.
     0 | D:1      | Reached XP level 1. HP: 13/13 MP: 4/4
    98 | D:1      | Found a faded altar of an unknown god.
   131 | D:1      | Reached XP level 2. HP: 17/19 MP: 5/5
   351 | D:1      | Found Welif's Armour Shop.
   409 | D:1      | Reached XP level 3. HP: 22/25 MP: 7/7
   521 | D:1      | Reached skill level 1 in Invocations
  1020 | D:2      | Reached skill level 1 in Fighting
  1020 | D:2      | Reached skill level 1 in Short Blades
  1020 | D:2      | Reached skill level 1 in Long Blades
  1020 | D:2      | Reached skill level 1 in Axes
  1020 | D:2      | Reached skill level 1 in Maces & Flails
  1020 | D:2      | Reached skill level 1 in Polearms
  1020 | D:2      | Reached skill level 1 in Ranged Weapons
  1020 | D:2      | Reached skill level 1 in Throwing
  1020 | D:2      | Reached skill level 1 in Armour
  1020 | D:2      | Reached skill level 1 in Dodging
  1020 | D:2      | Reached skill level 1 in Stealth
  1020 | D:2      | Reached skill level 1 in Shields
  1020 | D:2      | Reached skill level 1 in Unarmed Combat
  1022 | D:2      | Found Sosoamid's General Store.
  1182 | D:2      | Reached XP level 4. HP: 7/32 MP: 8/8
  1567 | D:2      | Reached skill level 1 in Conjurations
  1567 | D:2      | Reached skill level 1 in Hexes
  1567 | D:2      | Reached skill level 1 in Summonings
  1567 | D:2      | Reached skill level 1 in Necromancy
  1567 | D:2      | Reached skill level 1 in Translocations
  1567 | D:2      | Reached skill level 1 in Transmutations
  1567 | D:2      | Reached skill level 1 in Fire Magic
  1567 | D:2      | Reached skill level 1 in Air Magic
  1567 | D:2      | Reached skill level 1 in Earth Magic
  1567 | D:2      | Reached skill level 1 in Poison Magic
  1761 | D:3      | Reached XP level 5. HP: 3/37 MP: 9/9
  1937 | D:3      | Found Kidic's Antique Armour Boutique.
  2269 | D:3      | Found Punion's Assorted Antiques.
  2358 | D:3      | Found Xoneip's Jewellery Boutique.
  2454 | D:3      | Reached XP level 6. HP: 33/44 MP: 9/11
  2576 | D:3      | Found a blossoming altar of Fedhas.
  3035 | D:3      | Upgraded the game from 0.30-a0-760-g5a9884bb7c to
                  | 0.30-a0-772-g5528072125
  3399 | D:4      | Noticed a black bear
  3412 | D:4      | Killed a black bear
  3548 | D:3      | Reached XP level 7. HP: 14/51 MP: 12/12
  4550 | D:5      | Entered Level 5 of the Dungeon
  4597 | D:5      | Reached skill level 9 in Evocations
  4611 | D:5      | HP: 1/51 [orc priest/nerve-wracking pain (7)]
  4623 | D:5      | HP: 2/51 [water moccasin (2)]
  4642 | D:5      | Slain by a water moccasin

Illustrated notes

Levels and vault maps discovered:
D:1:      lordsloth_arrival_two_stooges, layout_basic,
          shapermc_ecumenical_altar_starsandcircs, serial_shops,
          nicolae_shop_hallway_plus, nrook_uturn
D:2:      layout_loops_ring, serial_shops, nicolae_diamond_shop,
          kennysheep_decorative_pillar, nrook_mini_vaults
D:3:      layout_loops_cross, mainiacjoe_overflow_alcove_2, serial_shops, shop,
          shop, nicolae_diamond_shop
D:4:      layout_layer_cave, kennysheep_pointless_box, minmay_fractal_squares_5
D:5:      layout_loops_ring, grunt_temple_overflow_open, minmay_fire_ice_demons

Skill      XL: |  1  2  3  4  5  6  7 |
---------------+----------------------+-----
Invocations    | 1 2 3 |  3.0
Fighting       | 1 2 |  2.6
Short Blades   | 1 2 |  2.6
Long Blades    | 1 2 |  2.6
Axes           | 1 2 |  2.6
Maces & Flails | 1 2 |  2.6
Polearms       | 1 2 |  2.6
Ranged Weapons | 1 2 |  2.6
Throwing       | 1 2 |  2.6
Armour         | 1 2 |  2.6
Dodging        | 1 2 |  2.6
Stealth        | 1 2 |  2.6
Shields        | 1 2 |  2.6
Unarmed Combat | 1 2 |  2.6
Spellcasting   | 3 |  3.9
Conjurations   | 1 2 |  2.1
Hexes          | 1 2 |  2.1
Summonings     | 1 2 |  2.1
Necromancy     | 1 2 |  2.1
Translocations | 1 2 |  2.1
Transmutations | 1 2 |  2.1
Fire Magic     | 1 2 |  2.1
Air Magic      | 1 2 |  2.1
Earth Magic    | 1 2 |  2.1
Poison Magic   | 1 2 |  2.1
Staves         | 3 |  3.7
Evocations     | 9 |  9.0
Ice Magic      | |  7.4

Action                     |  1- 3 |  4- 6 |  7- 9 || total
---------------------------+-------+-------+-------++-------
  Melee: Hand axe          |   136 |    93 |       ||   229
         Quarterstaff      |     3 |       |       ||     3
         Bite              |    13 |    14 |    11 ||    38
         Punch             |     1 |     4 |     2 ||     7
         Short sword       |       |   111 |    55 ||   166
   Cast: Freeze            |     1 |       |       ||     1
  Evoke: Wand              |       |     2 |     2 ||     4
    Use: Potion            |     1 |     2 |     4 ||     7
         Scroll            |       |       |     8 ||     8
 Armour: Robe              |    20 |       |       ||    20
         Leather armour    |    23 |       |       ||    23
         Plate armour      |    72 |   223 |    47 ||   342
  Dodge: Dodged            |    90 |    48 |    18 ||   156

Table legend: (Time is in decaauts)
 A = Elapsed time spent in this place.
 B = Non-inter-level travel time spent in this place.
 C = Inter-level travel time spent in this place.
 D = Time resting spent in this place.
 E = Time spent auto-exploring this place.
 F = Levels seen in this place.
 G = Mean time per level.
                   A        B        C        D        E       F      G
               +--------+--------+--------+--------+--------+-----+--------+
         Total |   4687 |   4687 |      0 |    551 |   2532 |   5 |  937.4 |
       Dungeon |   4687 |   4687 |      0 |    551 |   2532 |   5 |  937.4 |
               +--------+--------+--------+--------+--------+-----+--------+

Top non-repeatable levels by time:
     D:3: 1524 daAuts
     D:4: 1279 daAuts
     D:1: 1024 daAuts
     D:2: 774 daAuts
     D:5: 84 daAuts
